 Dungeon Crawl Stone Soup version 0.29-a0-321-gf1c400731a (webtiles) character file.

Game seed: 14908776445822679625

51 sammy202020 the Skirmisher (level 3, 0/41 HPs)
             Began as an Ogre Monk on Apr 4, 2022.
             Slain by a gnoll
             ... wielding a +0 flail
              (3 damage)
             ... on level 2 of the Dungeon.
             The game lasted 00:02:12 (1583 turns).

sammy202020 the Skirmisher (Ogre Monk)              Turns: 1583, Time: 00:02:13

Health: 0/41       AC:  3    Str: 17    XL:     3   Next: 81%
Magic:  3/3        EV: 10    Int: 11    God:
Gold:   45         SH:  0    Dex: 11    Spells: 2/2 levels left

rFire   . . .      SeeInvis .   a - +0 mace
rCold   . . .      Faith    .   (no shield)
rNeg    . . .      Spirit   .   b - +0 robe
rPois   .          Reflect  .   (helmet restricted)
rElec   .          Harm     .   (no cloak)
rCorr   .          Rampage  .   (gloves unavailable)
Will    .....                   (boots unavailable)
Stlth   ++........              (no amulet)
HPRegen 0.13/turn               (no ring)
MPRegen 0.08/turn               (no ring)

@: no status effects
A: large, unfitting armour, tough skin 1
a: no special abilities


You were on level 2 of the Dungeon.
You visited 1 branch of the dungeon, and saw 2 of its levels.

You collected 45 gold pieces.

Inventory:

Hand Weapons
 a - a +0 mace (weapon)
 f - a +0 arbalest
Armour
 b - a +0 robe (worn)
Scrolls
 d - a scroll of identify
Potions
 c - a potion of ambrosia
 e - a potion of might


   Skills:
 * Level 4.9 Fighting
 * Level 3.3 Maces & Flails
 + Level 3.0 Dodging
 - Level 1.4 Stealth


You had 2 spell levels left.
You didn't know any spells.
Your spell library was empty.

Dungeon Overview and Level Annotations

Branches:
Dungeon (2/15)

Altars:


Innate Abilities, Weirdness & Mutations

You are too large for most types of armour.
You have tough skin. (AC +1)


Message History

You hear a shout!
A kobold comes into view. It is wielding a +0 club.
You shoot a bolt. The bolt misses the kobold.
The kobold throws a stone.
The stone hits you but does no damage.
a - a +0 mace (weapon)
The kobold closely misses you.
You barely miss the kobold. The kobold hits you with a +0 club.
You hit the kobold.
The kobold is moderately wounded.
The kobold misses you. The kobold hits you with a +0 club.
You barely miss the kobold.
The kobold is moderately wounded.
The kobold misses you.
You hit the kobold.
You kill the kobold!
Things that are here:
a +0 club; 4 stones; a kobold corpse 2 gnolls come into view.
The gnoll shouts!
Found 11 gold pieces.
A gnoll comes into view. It is wielding a +0 club.
The gnoll shouts! x2
The gnoll attacks as you move away! The gnoll hits you with a +0 flail!
The gnoll attacks as you move away! The gnoll hits you with a +0 flail.
You hit the gnoll.
The gnoll is moderately wounded.
The gnoll hits you with a +0 flail.
You hit the gnoll.
The gnoll is severely wounded.
The gnoll hits you with a +0 flail!
You hit the gnoll.
The gnoll is almost dead.
The gnoll hits you with a +0 flail!
* * * LOW HITPOINT WARNING * * *
The gnoll hits you with a +0 flail!
* * * LOW HITPOINT WARNING * * *
You hit the gnoll but do no damage.
The gnoll is almost dead.
The gnoll hits you with a +0 flail.
You die...

............# ###
......#.###.# #
..#.#####.#.# #.#
.#.####.#.#####...#
#.###### .........
#.......# #......#
#......# #.#.....#
######.# ##### #)#
#.#.....# #.# ##
.....####.###.#####.#
#.# #.
...).........ggg@..>#
#.# #.
..............#######
#.# #.
..............# #.#
#. ..............#
#.###.
..............#
#.....
.....##########
########## .....
#......... #####
#.######## #.#


You could see 3 gnolls.

Vanquished Creatures
  2 gnolls
  A dart slug (D:1)
  2 bats (D:1)
  4 endoplasms
  2 giant cockroaches (D:1)
  2 goblins (D:1)
  A hobgoblin (D:1)
  2 jackals (D:1)
  A quokka (D:1)
  2 frilled lizards (D:1)
  5 kobolds
  4 rats (D:1)
28 creatures vanquished.

Notes
Turn   | Place    | Note
-------+----------+-------------------------------------------
     0 | D:1      | sammy202020 the Ogre Monk began the quest for the Orb.
     0 | D:1      | Reached XP level 1. HP: 24/24 MP: 1/1
   432 | D:1      | Reached XP level 2. HP: 24/32 MP: 2/2
  1182 | D:1      | Found a faded altar of an unknown god.
  1191 | D:1      | Reached XP level 3. HP: 27/40 MP: 3/3
  1583 | D:2      | Slain by a gnoll

Illustrated notes

Levels and vault maps discovered:
D:1:      lemuel_arrival_cross, layout_basic,
          hellmonk_ecumenical_altar_arch_garden
D:2:      layout_basic, uniq_jessica

Skill      XL: |  1  2  3 |
---------------+----------+-----
Maces & Flails | 3 |  3.3
Dodging        | 3 |  3.0
Fighting       | |  4.9
Stealth        | |  1.4

Action                   || total
-------------------------++-------
Melee: Mace              ||   125
       Punch             ||     1
 Fire: Arbalest          ||     3
  Use: Scroll            ||     2
 Stab: Sleeping          ||     1
Armor: Robe              ||    92
Dodge: Dodged            ||   118

Table legend: (Time is in decaauts)
 A = Elapsed time spent in this place.
 B = Non-inter-level travel time spent in this place.
 C = Inter-level travel time spent in this place.
 D = Time resting spent in this place.
 E = Time spent auto-exploring this place.
 F = Levels seen in this place.
 G = Mean time per level.
                   A        B        C        D        E       F      G
               +--------+--------+--------+--------+--------+-----+--------+
         Total |   1615 |   1615 |      0 |      0 |   1303 |   2 |  807.5 |
       Dungeon |   1615 |   1615 |      0 |      0 |   1303 |   2 |  807.5 |
               +--------+--------+--------+--------+--------+-----+--------+

Top non-repeatable levels by time:
     D:1: 1472 daAuts
     D:2: 142 daAuts
